 Dungeon Crawl Stone Soup version 0.18.1-48-g4cf74bf (webtiles) character file.

216 grulito the Covert (level 5, -3/26 HPs)
             Began as a Spriggan Assassin on June 24, 2016.
             Killed by divine providence
             ... invoked by an orc priest
              (15 damage)
             ... on level 3 of the Dungeon on June 25, 2016.
             The game lasted 00:39:22 (5397 turns).

grulito the Covert (Spriggan Assassin)              Turns: 5397, Time: 00:39:22

Health: -3/26      AC:  5    Str:  7    XL:     5   Next: 61%
Magic:  6/6        EV: 20    Int: 12    God:
Gold:   66         SH:  0    Dex: 21    Spells: 0 memorised, 4 levels left

rFire  + . .     SeeInvis +     a - +3 dagger
rCold  x . .     Gourm    .     l - +0 robe
rNeg   . . .     Faith    .     (shield restricted)
rPois  .         Spirit   .     (helmet restricted)
rElec  .         Dismiss  .     d - +0 cloak
rCorr  .         Reflect  .     (gloves unavailable)
SustAt .         Harm     .     (boots unavailable)
MR     .....                    (no amulet)
Stlth  +++++.....               u - +2 ring of protection
                                t - ring of fire

@: very quick, not resistant to hostile enchantments, quite stealthy
A: unfitting armour, see invisible, agile 1, herbivore 3, speed 3, slow
metabolism 2
a: no special abilities


You were on level 3 of the Dungeon.
You were not hungry.

You visited 1 branch of the dungeon, and saw 5 of its levels.

You collected 66 gold pieces.

Inventory:

Hand Weapons
 a - a +3 dagger (weapon)
 b - a +0 blowgun
Missiles
 e - 26 poisoned needles
 f - 2 curare-tipped needles
Armour
 c - a +0 robe
 d - a +0 cloak (worn)
 l - a +0 robe (worn)
Jewellery
 t - a ring of fire (left hand)
 u - a +2 ring of protection (right hand)
Scrolls
 m - 2 scrolls of enchant weapon
 p - a scroll of recharging {unknown}
Potions
 i - 2 potions of might
 j - a potion of cancellation {unknown}
 k - a potion of curing
 o - a potion of resistance {unknown}
 q - a potion of ambrosia {unknown}
 r - a potion of berserk rage {unknown}
 s - a potion of brilliance {unknown}
Comestibles
 g - 4 bread rations
 h - a meat ration
 n - 4 fruits


   Skills:
 + Level 2.2 Fighting
 + Level 2.6 Short Blades
 + Level 2.9 Throwing
 + Level 3.8 Dodging
 + Level 8.3 Stealth


You had 4 spell levels left.
You didn't know any spells.

Dungeon Overview and Level Annotations

Branches:
Dungeon (5/15)
 Temple: D:4-7

Altars:
Fedhas
Nemelex Xobeh
Pakellas
Yredelemnul
The Shining One


Innate Abilities, Weirdness & Mutations

You are tiny and cannot use many weapons and most armour.
You have supernaturally acute eyesight.
You are a herbivore.
You cover ground extremely quickly.
You need consume almost no food.
You are agile. (Dex +2)


Message History

u - a +2 ring of protection
u - a +2 ring of protection (right hand)
An orc priest comes into view. It is wielding a war axe.
Found 21 stones.
The orc priest shouts!
An orc comes into view.
It is wielding a short sword of flaming.
The orc priest mumbles some strange prayers to Beogh against you.
Beogh smites you!
Ouch! That really hurt!
The orc shouts!
You hear a shout!
An orc comes into view. It is wielding a whip of venom.
You hit the orc priest but do no damage.
The orc priest misses you.
You hit the orc priest.
The orc priest is lightly wounded.
The orc priest hits you but does no damage.
The orc priest invokes the aid of Beogh against you.
Beogh smites you!
Ouch! That really hurt!
You die...

#. .. .......
. . ....... .
##. #. #..
#(##.# #..#.#
#..o####
#.#.#
#.o.o..##
..#.
##W###@.# ...
#.# ##.#
..##### ###W
#.# ......#
#.... #.##
....#.##..###
#..##
.##...#..#
##..# .#
#..#.# ##.#
.###....###
#.#
).[)......#
#.#


You could see an orc priest and 2 orcs.

Vanquished Creatures
  Jessica (D:3)
  5 gnolls
  5 adders (D:2)
  2 oozes
  2 worms
  6 dart slugs
  3 giant geckos
  2 orcs (D:3)
  2 ball pythons
  5 giant cockroaches
  5 goblins
  9 hobgoblins
  3 quokkas
  4 bats
  6 giant newts
  4 kobolds
  7 rats
71 creatures vanquished.

Vanquished Creatures (others)
  A kobold (D:2)
1 creature vanquished.

Grand Total: 72 creatures vanquished

Notes
Turn   | Place    | Note
--------------------------------------------------------------
     0 | D:1      | grulito the Spriggan Assassin began the quest for the Orb.
     0 | D:1      | Reached XP level 1. HP: 10/10 MP: 2/2
     8 | D:1      | Noticed an electric eel
    44 | D:1      | Reached skill level 6 in Stealth
   347 | D:1      | Reached XP level 2. HP: 15/15 MP: 3/3
  1141 | D:1      | Reached skill level 7 in Stealth
  1141 | D:1      | Reached XP level 3. HP: 12/18 MP: 4/4
  1630 | D:3      | Noticed a phantom
  1862 | D:2      | Reached XP level 4. HP: 5/23 MP: 5/5
  2821 | D:2      | Found a sparkling altar of Nemelex Xobeh.
  2889 | D:2      | Reached skill level 8 in Stealth
  3042 | D:2      | Reached XP level 5. HP: 7/26 MP: 6/6
  3357 | D:2      | Gained mutation: You are agile. (Dex +2) [potion of beneficial mutation]
  3374 | D:2      | Found an oddly glowing altar of Pakellas.
  3665 | D:2      | Found a glowing golden altar of the Shining One.
  3667 | D:2      | Noticed an angel
  3684 | D:2      | Found a basalt altar of Yredelemnul.
  3686 | D:2      | Noticed a profane servitor
  3979 | D:3      | Noticed Jessica
  3984 | D:3      | Killed Jessica
  4410 | D:5      | Entered Level 5 of the Dungeon
  4410 | D:5      | Noticed a necrophage
  5055 | D:3      | Found a blossoming altar of Fedhas.
  5397 | D:3      | Killed from afar by an orc priest

Skill      XL: |  1  2  3  4  5 |
---------------+----------------+-----
Stealth        | 6 7 8 |  8.3
Dodging        | 2 3 |  3.8
Fighting       | 2 |  2.2
Short Blades   | |  2.6
Throwing       | |  2.9

Action                   |  1- 3 |  4- 6 || total
-------------------------+-------+-------++-------
Melee: Dagger            |    62 |   189 ||   251
 Fire: Blowgun           |    20 |    28 ||    48
  Use: Scroll            |       |     5 ||     5
       Potion            |       |     3 ||     3
 Stab: Sleeping          |     6 |    12 ||    18
  Eat: Fruit             |       |     2 ||     2
Armor: Robe              |     7 |    15 ||    22
Dodge: Dodged            |    39 |   127 ||   166
